 Dungeon Crawl Stone Soup version 0.30-a0-857-gcaf70739d4 (webtiles) character file.

Game seed: 10431318186601744660

119 bande the Covered (level 5, -1/33 HPs)
             Began as a Gargoyle Fighter on Mar 6, 2023.
             Slain by Crazy Yiuf
             ... wielding a +4 quarterstaff of chaos
              (13 damage)
             ... on level 3 of the Dungeon.
             The game lasted 00:02:24 (2182 turns).

bande the Covered (Gargoyle Fighter)                Turns: 2182, Time: 00:02:25

Health: -1/33      AC: 17    Str: 19    XL:     5   Next: 3%
Magic:  5/5        EV:  7    Int:  9    God:
Gold:   104        SH:  4    Dex: 11    Spells: 4/4 levels left

rFire   . . .      SeeInvis .    a - +0 war axe
rCold   . . .      Faith    .    c - +0 buckler
rNeg    + . .      Spirit   .    p - +0 chain mail
rPois   ∞          Reflect  .    (no helmet)
rElec   +          Rampage  .    (no cloak)
rCorr   .                        (no gloves)
Will    .....                    (no boots) Stlth
                                 (no amulet)
HPRegen 0.25/turn                i - +4 ring of protection
MPRegen 0.09/turn                (no ring)

@: no status effects
A: sickness immunity, AC +4, negative energy resistance 1, electricity
resistance, torment resistance 1, petrification resistance
a: no special abilities


You were on level 3 of the Dungeon.
You visited 1 branch of the dungeon, and saw 3 of its levels.

You collected 104 gold pieces.

Inventory:

Hand Weapons
 a - a +0 war axe (weapon)
Armour
 c - a +0 buckler (worn)
 p - a +0 chain mail (worn)
Jewellery
 i - a +4 ring of protection (left hand)
Scrolls
 e - a scroll of fear {unknown}
 f - 7 scrolls of identify {unknown}
 g - a scroll of noise {unknown}
 h - a scroll of immolation {unknown}
 l - a scroll of brand weapon {unknown}
 m - a scroll of enchant weapon {unknown}
 n - a scroll of teleportation {unknown}
Potions
 d - a potion of might
 j - a potion of heal wounds {unknown}
 k - a potion of mutation {unknown}
 o - 2 potions of flight {unknown}


   Skills:
 + Level 3.8 Fighting
 + Level 3.3 Axes
 + Level 4.0 Armour
 - Level 0.8 Stealth
 + Level 3.7 Shields


You had 4 spell levels left.
You didn't know any spells.
Your spell library contained the following spells:

 Spells                   Type           Power      Damage    Failure   Level
 Sandblast                Erth           0%         2d4       99%         1
 Summon Small Mammal      Summ           0%         N/A       99%         1
 Passwall                 Tmut/Erth      0%         N/A       100%        2
 Call Canine Familiar     Summ           0%         N/A       100%        3
 Stone Arrow              Conj/Erth      0%         3d7       100%        3
 Summon Guardian Golem    Hex/Summ       0%         N/A       100%        3


Dungeon Overview and Level Annotations

Branches:
Dungeon (3/15)

Altars:
Ashenzari
Fedhas

Annotations:
D:3 Crazy Yiuf


Innate Abilities, Weirdness & Mutations

You are immune to sickness and miasma.
Your stone body is resilient. (AC +4)
You are immune to poison.
You resist negative energy. (rN+)
You are resistant to electric shocks. (rElec)
You are resistant to unholy torment.
You are immune to petrification.


Message History

The hound barely misses you. The hound bites you but does no damage.
You closely miss the hound.
The hound is heavily wounded.
The hound bites you but does no damage. x2
You slash the hound!
You kill the hound!
Your Armour skill increases to level 4!
You have reached level 5!
You see here a bat skeleton.
You see here a +0 robe.
A bat comes into view.
A bat is nearby!
The bat hits you but does no damage.
You closely miss the bat. The bat hits you but does no damage. x2
You slash the bat!
You kill the bat!
No target in view!
No target in view!
No target in view!
No target in view!
No target in view!
You see here a bat corpse.
You now have 104 gold pieces (gained 16).
f - 7 scrolls labelled ZOAZOO ZUIR (gained 1) Crazy Yiuf shouts!
Could not explore, unopened runed door.
No reachable target in view!
No reachable target in view!
No reachable target in view!
You open the door. You hit Crazy Yiuf.
Crazy Yiuf is lightly wounded.
Crazy Yiuf waves his quarterstaff at you.
Crazy Yiuf hits you with a +4 quarterstaff of chaos!
Crazy Yiuf freezes you.
Crazy Yiuf hits you with a +4 quarterstaff of chaos!
You hit Crazy Yiuf.
Crazy Yiuf is heavily wounded.
Crazy Yiuf hits you with a +4 quarterstaff of chaos!
You die...

#.# #.# #†# ##### #.# #######
#)..# ###### #.# #.<...######
#...# ###....###.#
#..........# ... #...........
#.###.#....# #g# #.#....###.#
#.# #.#.#### #@##
#.########## #.# #.#.# ##.#
#.# #... ..# #.#.# #.## #.#
#.## ..# #.#.#### ##.#
#.#######.## #.# #.#.##.#
##.## #.......#.## #.#
#.#.##(# ##.#.# #######.#.##
..# #.#.##.# #....#
#..<...#.## ..# #.#.##.#
#....# #.#.#..#.## ..#
#.#.##.####....####.#.#..#...


You could see Crazy Yiuf.

Vanquished Creatures
  A hound (D:3)
  An adder (D:2)
  A worm (D:3)
  3 dart slugs
  9 ball pythons
  6 bats
  3 endoplasms
  4 giant cockroaches
  5 goblins
  9 hobgoblins
  7 jackals
  2 kobolds (D:1)
  2 quokkas
  2 frilled lizards
  8 rats
63 creatures vanquished.

Notes
Turn   | Place    | Note
-------+----------+-------------------------------------------
     0 | D:1      | bande the Gargoyle Fighter began the quest for the Orb.
     0 | D:1      | Reached XP level 1. HP: 14/14 MP: 1/1
   158 | D:1      | Reached XP level 2. HP: 18/19 MP: 2/2
   328 | D:1      | Reached XP level 3. HP: 23/23 MP: 3/3
   895 | D:2      | Reached XP level 4. HP: 29/29 MP: 4/4
  1236 | D:2      | Found a blossoming altar of Fedhas.
  1411 | D:3      | Found a broken altar of Ashenzari.
  1683 | D:3      | Found a runed translucent door.
  1684 | D:3      | Noticed Crazy Yiuf
  2009 | D:3      | Reached skill level 4 in Armour
  2009 | D:3      | Reached XP level 5. HP: 33/33 MP: 5/5
  2182 | D:3      | Slain by Crazy Yiuf

Illustrated notes

Levels and vault maps discovered:
D:1:      noname_arrival_rooms_in_the_neighbourhood, layout_basic,
          minmay_heptomino_o4
D:2:      layout_basic, basic_altar
D:3:      layout_basic, evilmike_ruin_ashenzari, minmay_misc_feat_nine_boxes,
          uniq_crazy_yiuf_cottage

Skill      XL: |  1  2  3  4 |
---------------+-------------+-----
Axes           | 2 3 |  3.3
Armour         | 4 |  4.0
Fighting       | |  3.8
Stealth        | |  0.8
Shields        | |  3.7

Action                     |  1- 3 |  4- 6 || total
---------------------------+-------+-------++-------
  Melee: War axe           |    97 |    64 ||   161
 Armour: Scale mail        |    60 |    36 ||    96
         Chain mail        |       |     9 ||     9
  Dodge: Dodged            |    69 |    20 ||    89
  Block: Buckler           |    23 |     9 ||    32

Table legend: (Time is in decaauts)
 A = Elapsed time spent in this place.
 B = Non-inter-level travel time spent in this place.
 C = Inter-level travel time spent in this place.
 D = Time resting spent in this place.
 E = Time spent auto-exploring this place.
 F = Levels seen in this place.
 G = Mean time per level.
                   A        B        C        D        E       F      G
               +--------+--------+--------+--------+--------+-----+--------+
         Total |   2248 |   2206 |     42 |      0 |   1761 |   3 |  749.3 |
       Dungeon |   2248 |   2206 |     42 |      0 |   1761 |   3 |  749.3 |
               +--------+--------+--------+--------+--------+-----+--------+

Top non-repeatable levels by time:
     D:3: 809 daAuts
     D:1: 774 daAuts
     D:2: 663 daAuts
